 Dungeon Crawl Stone Soup version 0.28-a0-1117-g0bdd5ba030 (webtiles) character file.

Game seed: 2912282807067595288

8103 fragbeetle the Transmogrifier (level 11, -5/84 HPs)
             Began as a Merfolk Transmuter on Dec 12, 2021.
             Slain by a minotaur (34 damage)
             ... in a Gauntlet.
             The game lasted 00:52:06 (13559 turns).

fragbeetle the Transmogrifier (Merfolk Transmuter) Turns: 13559, Time: 00:52:06

Health: -5/84      AC:  6    Str: 15    XL:     11   Next: 25%
Magic:  19/21      EV: 25    Int: 12    God:
Gold:   541        SH:  0    Dex: 20    Spells: 16/24 levels left

rFire   . . .      SeeInvis .     - Unarmed
rCold   . . .      Faith    .   (shield currently unavailable)
rNeg    + . .      Spirit   .   (armour currently unavailable)
rPois   x          Reflect  .   (helmet currently unavailable)
rElec   .          Harm     .   (cloak currently unavailable)
rCorr   .          Rampage  .   (gloves currently unavailable)
Will    .....      NoTele   +   (boots currently unavailable)
Stlth   +++.......              (no amulet)
HPRegen 0.24/turn               G - +4 ring of protection
MPRegen 0.17/turn               t - ring of positive energy

@: mighty, spider-form (expiring), hasted, studying Spellcasting, very quick
A: venomous fangs, tiny, (nimble swimmer 2), (mertail)
a: End Transformation


You were in a Gauntlet.
You were a venomous arachnid creature.
You visited 3 branches of the dungeon, and saw 12 of its levels.
You also visited: Gauntlet.

You collected 596 gold pieces.
You spent 55 gold pieces at shops.

Inventory:

Hand Weapons
 y - the +0 whip of Keoluci {vorpal, rF+ rC- rN+ rCorr}
   (You found it on level 9 of the Dungeon)

   It inflicts extra damage upon your enemies.
   rF:        It protects you from fire.
   rC:        It makes you vulnerable to cold.
   rN:        It protects you from negative energy.
   rCorr:     It protects you from acid and corrosion.
 R - the +10 arbalest of the Unspeakable One {vorpal, rF+ Dex+2}
   (You found it in a Gauntlet)

   Any ammunition fired from it inflicts extra damage upon your enemies.
   Dex:       It affects your dexterity (+2).
   rF:        It protects you from fire.
Missiles
 b - 303 stones
Armour
 r - a +0 pair of boots (melded)
 x - a +2 leather armour of positive energy
 E - a +2 helmet (melded)
 I - a +2 leather armour of willpower (melded)
 K - a +0 cloak (melded)
 M - a +1 ring mail of willpower
 O - a +2 pair of gloves (melded)
 S - a +1 chain mail of cold resistance
 T - a scarf of shadows
Jewellery
 h - a ring of fire
 i - a ring of ice
 t - a ring of positive energy (right front leg)
 G - a +4 ring of protection (left front leg)
Wands
 a - a wand of paralysis (11)
 p - a wand of acid (7)
 C - a wand of polymorph (7)
 L - a wand of charming (14)
 N - a wand of flame (26)
 Q - a wand of digging (2)
Scrolls
 d - 3 scrolls of silence
 e - 2 scrolls of enchant weapon
 g - a scroll of magic mapping
 j - 3 scrolls of vulnerability
 m - 6 scrolls of teleportation
 q - a scroll of holy word {unknown}
 v - 2 scrolls of blinking {unknown}
 w - a scroll of fear
 F - 3 scrolls of amnesia {unknown}
 H - 2 scrolls of enchant armour {unknown}
 P - a scroll of noise {unknown}
Potions
 c - a potion of resistance
 f - 2 potions of magic
 k - 5 potions of degeneration
 l - 2 potions of attraction
 o - 4 potions of lignification
 s - a potion of cancellation {unknown}
 u - a potion of invisibility {unknown}
 z - 3 potions of curing {unknown}
 B - a potion of brilliance {unknown}
 D - 2 potions of flight
Miscellaneous
 U - a condenser vane


   Skills:
 * Level 7.0 Fighting
 + Level 1.2 Armour
 + Level 6.9 Dodging
 + Level 3.2 Stealth
 + Level 9.3 Unarmed Combat
 + Level 7.2 Spellcasting
 * Level 10.7 Transmutations
 * Level 6.7 Ice Magic
 + Level 4.8 Poison Magic


You had 16 spell levels left.
You knew the following spells:

 Your Spells              Type           Power      Damage    Failure   Level
a - Beastly Appendage     Tmut           60%        N/A       2%          1
b - Spider Form           Tmut/Pois      23%        N/A       8%          3
c - Ice Form              Ice/Tmut       25%        N/A       13%         4

Your spell library contained the following spells:

 Spells                   Type           Power      Damage    Failure   Level
 Wereblood                Tmut           30%        N/A       2%          2
 Ozocubu's Armour         Ice            20%        N/A       11%         3
 Foxfire                  Conj/Fire      16%        2x1d4     34%         1
 Slow                     Hex            16%        N/A       34%         1
 Scorch                   Fire           8%         2d5       45%         2
 Confusing Touch          Hex            4%         N/A       65%         3
 Conjure Flame            Conj/Fire      4%         6-21      65%         3
 Inner Flame              Hex/Fire       4%         N/A       65%         3
 Yara's Violent Unravell  Hex/Tmut       8%         3d5       65%         5
 Metabolic Englaciation   Hex/Ice        6%         N/A       88%         5
 Flame Wave               Conj/Fire      4%         2d4       95%         4
 Simulacrum               Ice/Necr       6%         N/A       100%        6
 Summon Cactus Giant      Summ           2%         N/A       100%        6


Dungeon Overview and Level Annotations

Branches:
Dungeon (10/15)            Temple (1/1) D:4            Lair (1/6) D:10
Gauntlet (1/1)
    Orc: D:9-12

Altars:
Ashenzari
Cheibriados
Dithmenos
Elyvilon
Fedhas
Gozag
Hepliaklqana
Kikubaaqudgha
Nemelex Xobeh
Okawaru
Qazlal
Ru
Sif Muna
Trog
Uskayaw
Vehumet
Wu Jian
Xom
Yredelemnul
Zin
The Shining One

Shops:
D:2 *

Annotations:
D:4 2 transporters
D:5 Menkaure
D:7 swimhands Gauntlet 7 transporters, 2 runed translucent doors


Innate Abilities, Weirdness & Mutations

You are a venomous arachnid creature.
You have poisonous fangs.
You are tiny and dextrous.
Your spellcasting is less reliable in this form.
Your armour is entirely melded.
You are incapable of wielding weapons or throwing items.
((You are quick and stealthy near water. (Stealth+, EV+, Speed+++)))
((Your lower body shifts to a powerful aquatic tail in water.))


Message History

You barely miss the minotaur.
The minotaur furiously retaliates!
The minotaur headbutts you!
The minotaur is heavily wounded.
The minotaur hits you but does no damage.
The minotaur gores you but does no damage.
You hit the minotaur but do no damage.
The minotaur is heavily wounded.
You punch the minotaur! You freeze the minotaur.
The minotaur is severely wounded.
The minotaur barely misses you. The minotaur gores you!
* * * LOW HITPOINT WARNING * * *
You feel much better.
The minotaur hits you with a +2 falchion of distortion!
* * * LOW HITPOINT WARNING * * *
Space warps around you.
* * * LOW HITPOINT WARNING * * *
The minotaur gores you!
* * * LOW HITPOINT WARNING * * *
The minotaur throws a javelin.
The javelin closely misses you.
You feel much better.
Casting: Ice Form (dangerous; 4% risk of failure)
Confirm with . or Enter, or press ? or * to list all spells.
You warm up again.
Your +0 cloak unmelds from your body.
Your +2 helmet unmelds from your body.
Your +2 pair of gloves unmelds from your body.
Your +0 pair of boots unmelds from your body.
Your +2 leather armour of willpower unmelds from your body.
You feel strong-willed.
You turn into a venomous arachnid creature.
Your +0 cloak melds into your body.
Your +2 helmet melds into your body.
Your +2 pair of gloves melds into your body.
Your +0 pair of boots melds into your body.
Your +2 leather armour of willpower melds into your body.
You feel less strong-willed.
You hit the minotaur.
The minotaur is poisoned.
The minotaur is severely wounded.
The minotaur barely misses you. The minotaur misses you.
Your transformation is almost over.
The minotaur hits you with a +2 falchion of distortion!!
You die...

≈≈≈#≈≈≈#≈≈≈#..♣.......♣..#≈≈≈#≈≈≈
#≈###≈###≈###...........###≈###≈#
### ### ### ################# ###
#.................
#.♣.♣.©.©.©.©.♣.♣.#
.................#
###.##.##.##.##.###
##.##.##.##.##.##
#.....s.........#
#.##.##H##.##.###
#.##.##.##.##.###
#...............#
###.##.#'###.##.# #. #.#.# .# .#
.. ..#.# . # #.##.##.# #. #. #.
#∩# .#


You could see a minotaur (poisoned).

Vanquished Creatures
  2 two-headed ogres (D:9)
  Pikel (D:9)
  Maurice (D:8)
  Joseph (D:7)
  An ice statue (Gauntlet)
  A rime drake (Gauntlet)
  2 komodo dragons
  2 trolls (D:9)
  3 meliai (Gauntlet)
  2 large abominations (Gauntlet)
  Sigmund (D:4)
  2 shadows
  2 wyverns
  Duvessa (D:5)
  2 water moccasins
  A sky beast (D:7)
  An orc warrior (D:7)
  2 ice beasts
  A necrophage (D:5)
  3 centaurs
  3 lemures (D:9)
  2 kobold brigands (D:9)
  3 bullfrogs
  2 scorpions
  4 small abominations (Gauntlet)
  Dowan (D:5)
  5 wights (D:8)
  An electric eel (D:7)
  2 centaur zombies
  5 orc priests
  A centaur skeleton (D:7)
  A hound (D:5)
  A jelly (D:5)
  Jessica (D:3)
  Ijyb (D:5)
  Terence (D:3)
  An iguana (D:7)
  3 orc wizards
  A killer bee zombie (D:5)
  A hound skeleton (D:4)
  A howler monkey zombie (D:8)
  10 adders
  A river rat (D:10)
  An ufetubus (D:3)
  4 worms
  3 dart slugs
  9 orcs
  7 bats
  6 endoplasms
  3 giant cockroaches
  9 goblins
  5 hobgoblins
  19 kobolds
  5 quokkas
  6 ball pythons
  3 frilled lizards
  8 rats
172 creatures vanquished.

Vanquished Creatures (others)
  An orc wizard (D:7)
  A fungus (Lair:1)
2 creatures vanquished.

Grand Total: 174 creatures vanquished

Notes
Turn   | Place    | Note
-------+----------+-------------------------------------------
     0 | D:1      | fragbeetle the Merfolk Transmuter began the quest for the
                  | Orb.
     0 | D:1      | Reached XP level 1. HP: 15/15 MP: 3/3
   114 | D:1      | Reached XP level 2. HP: 19/21 MP: 3/5
   157 | D:1      | Reached skill level 3 in Transmutations
   501 | D:1      | Reached XP level 3. HP: 17/26 MP: 4/6
   637 | D:1      | Learned a level 3 spell: Spider Form
   676 | D:1      | Noticed an eye of devastation
   679 | D:1      | Noticed a floating eye
   683 | D:1      | Found a faded altar of an unknown god.
   685 | D:1      | Noticed a shining eye
   685 | D:1      | Noticed a shining eye
  1352 | D:2      | Found Lun Comu's General Store.
  1366 | D:2      | Bought a scroll of identify for 20 gold pieces
  1372 | D:2      | Bought a scroll of magic mapping for 35 gold pieces
  1543 | D:2      | Reached XP level 4. HP: 31/33 MP: 5/7
  2585 | D:3      | Noticed Jessica
  2736 | D:4      | Found a shimmering altar of Xom.
  2799 | D:4      | Reached skill level 1 in Poison Magic
  3021 | D:4      | Noticed Sigmund
  3042 | D:3      | Noticed Terence
  3177 | D:3      | Reached skill level 4 in Transmutations
  3177 | D:3      | Reached XP level 5. HP: 32/38 MP: 6/8
  3278 | D:4      | You fall into a shaft and drop 3 floors!
  3282 | D:6      | Noticed a boulder beetle
  3282 | D:6      | Noticed a water moccasin
  3298 | D:7      | Noticed a sky beast
  3329 | D:7      | Killed a sky beast
  3436 | D:7      | Noticed Joseph
  3728 | D:7      | Found a radiant altar of Vehumet.
  3754 | D:7      | Reached XP level 6. HP: 31/45 MP: 7/10
  3952 | D:7      | Noticed an orc warrior
  3955 | D:7      | Found an ornate altar of the Wu Jian Council.
  3994 | D:7      | Killed an orc warrior
  4208 | D:7      | Reached skill level 1 in Stealth
  4208 | D:7      | Reached skill level 5 in Transmutations
  4242 | D:7      | Learned a level 4 spell: Ice Form
  4286 | D:7      | Noticed an ice beast
  4305 | D:5      | Entered Level 5 of the Dungeon
  4305 | D:5      | Noticed Duvessa
  4305 | D:5      | Noticed Dowan
  4454 | D:3      | Killed Terence
  4494 | D:3      | HP: 2/46 [poisoned by an adder]
  4779 | D:3      | Killed Jessica
  4780 | D:3      | Reached XP level 7. HP: 45/51 MP: 9/12
  5560 | D:5      | Noticed Ijyb
  5565 | D:5      | Found a stormy altar of Qazlal.
  5566 | D:5      | Noticed a fire elemental
  5574 | D:5      | Killed Ijyb
  5575 | D:5      | Reached skill level 1 in Ice Magic
  5575 | D:5      | Noticed an air elemental
  5575 | D:5      | Noticed a water elemental
  5738 | D:5      | Killed Duvessa
  5744 | D:5      | Killed Dowan
  5745 | D:5      | Reached skill level 5 in Dodging
  6185 | D:5      | Noticed Menkaure
  6473 | D:4      | Found a transporter.
  6486 | D:4      | Reached skill level 5 in Unarmed Combat
  6489 | D:4      | Found a staircase to the Ecumenical Temple.
  6498 | Temple   | Entered the Ecumenical Temple
  6730 | D:5      | Reached XP level 8. HP: 47/58 MP: 14/14
  6763 | D:5      | Found a snail-covered altar of Cheibriados.
  7432 | D:6      | Reached skill level 6 in Transmutations
  7724 | D:6      | Found a hide-covered altar of Uskayaw.
  7730 | D:6      | Found a glowing silver altar of Zin.
  8065 | D:6      | Found a white marble altar of Elyvilon.
  8591 | D:7      | Killed Joseph
  8592 | D:7      | Reached skill level 5 in Spellcasting
  8592 | D:7      | Reached skill level 7 in Transmutations
  9017 | D:8      | Noticed Maurice
  9177 | D:8      | Reached XP level 9. HP: 46/66 MP: 12/16
  9497 | D:8      | Killed Maurice
  9510 | D:8      | Noticed a komodo dragon
  9519 | D:8      | Killed a komodo dragon
  9578 | D:8      | Reached skill level 5 in Fighting
  9867 | D:8      | Reached skill level 8 in Transmutations
 10336 | D:9      | Noticed a two-headed ogre
 10356 | D:9      | Killed a two-headed ogre
 10357 | D:9      | Reached XP level 10. HP: 23/75 MP: 17/19
 10632 | D:9      | Reached skill level 9 in Transmutations
 11184 | D:4      | Killed Sigmund
 11185 | D:4      | Reached skill level 5 in Ice Magic
 11246 | D:4      | Found a transporter.
 11871 | D:9      | Identified the +0 whip of Keoluci {vorpal, rF+ rC- rN+
                  | rCorr}
 11896 | D:9      | Reached skill level 1 in Armour
 12111 | D:9      | Noticed Pikel
 12168 | D:9      | Killed Pikel
 12298 | D:10     | Entered Level 10 of the Dungeon
 12307 | D:10     | Noticed a death yak
 12320 | D:10     | Noticed a two-headed ogre
 12320 | D:10     | Noticed a death yak
 12341 | D:9      | Killed a two-headed ogre
 12562 | D:10     | Found a sparkling altar of Nemelex Xobeh.
 12562 | D:10     | Found a hazy altar of Hepliaklqana.
 12563 | D:10     | Found a blossoming altar of Fedhas.
 12603 | D:10     | Found a staircase to the Lair.
 12652 | Lair:1   | Entered Level 1 of the Lair of Beasts
 12754 | Lair:1   | Reached skill level 10 in Transmutations
 12830 | Lair:1   | Found a gate leading to a gauntlet.
 12834 | Lair:1   | Noticed a cane toad
 12839 | Gauntlet | Entered a Gauntlet
 12839 | Gauntlet | Noticed an ice statue
 12839 | Gauntlet | Found a transporter.
 12847 | Gauntlet | Found a runed translucent door.
 12849 | Gauntlet | Found a transporter.
 12850 | Gauntlet | Found a transporter.
 12860 | Gauntlet | Found a transporter.
 12863 | Gauntlet | Found a transporter.
 12864 | Gauntlet | Found a runed translucent door.
 12864 | Gauntlet | Found a runed translucent door.
 12869 | Gauntlet | Found a transporter.
 12869 | Gauntlet | Noticed a fire crab
 12949 | Gauntlet | Found a transporter.
 12959 | Gauntlet | Found a transporter.
 12959 | Gauntlet | Noticed an entropy weaver
 12959 | Gauntlet | Noticed a wolf spider
 12962 | Gauntlet | Found the +1 cloak of Starlight {*Dazzle EV+4 Stlth--}
 12970 | Gauntlet | Found a transporter.
 12982 | Gauntlet | Noticed a reaper
 12993 | Gauntlet | Found a transporter.
 13005 | Gauntlet | Found a transporter.
 13005 | Gauntlet | Found a transporter.
 13046 | Gauntlet | Reached XP level 11. HP: 83/83 MP: 18/21
 13067 | Gauntlet | Identified the +10 arbalest of the Unspeakable One {vorpal,
                  | rF+ Dex+2}
 13329 | Gauntlet | Found a transporter.
 13512 | Gauntlet | Noticed a minotaur
 13559 | Gauntlet | Slain by a minotaur

Illustrated notes

Levels and vault maps discovered:
D:1:      erik_arrival_triangle_small, layout_rooms,
          hellmonk_ecumenical_altar_watching_god
D:2:      layout_basic, serial_shops, shop, minmay_misc_feat_doors,
          nicolae_elevator_lobby_plus
D:3:      layout_basic, supply_closet_lemuel, grunt_decor_one_mirror,
          uniq_terence, uniq_jessica
D:4:      gammafunk_cloud_chamber, layout_loops_ring, xom_teletrap_fun,
          minmay_temple_entry_proselytizer, uniq_sigmund
D:5:      layout_loops_ring, slow_altar_2, nicolae_qazlal_style_of_elements,
          uniq_menkaure, uniq_ijyb, uniq_duvessa
D:6:      layout_rooms, mainiacjoe_overflow_catwalk_spiral, elyvilon_altar_1
D:7:      layout_cave_pools, overflow_temple_1_default, lemuel_crystal_altar,
          water_maze_lemuel, uniq_joseph
D:8:      layout_gridville, chequers_mini_garden, uniq_maurice
D:9:      layout_gridville, uniq_pikel
D:10:     layout_loops_cross, mainiacjoe_overflow_alcove_2,
          gammafunk_temple_overflow_claw, dpeg_lair_monsters
Temple:   eino_temple_lava
Lair:1:   layout_roguey, gauntlet_entry_generic, patterned_corridor
Gauntlet: minmay_gauntlet_77_tree [minmay_gauntlet_arena_77_path,
          minmay_gauntlet_arena_77_box, minmay_gauntlet_arena_77_p_blocks,
          minmay_gauntlet_arena_77_fan, minmay_gauntlet_arena_77_tiled_triplets,
          minmay_gauntlet_arena_77_double_cross,
          minmay_gauntlet_arena_77_shame_cube, gauntlet_exit_green]

Skill      XL: |  1  2  3  4  5  6  7  8  9 10 11 |
---------------+----------------------------------+-----
Dodging        | 3 4 5 6 |  6.9
Transmutations | 3 4 5 7 8 10 | 10.7
Fighting       | 2 3 4 5 6 7 |  7.0
Poison Magic   | 1 2 3 4 |  4.8
Unarmed Combat | 4 5 6 7 8 9 |  9.3
Spellcasting   | 3 4 5 6 7 |  7.2
Stealth        | 1 2 3 |  3.2
Ice Magic      | 2 3 4 6 |  6.7
Armour         | 1 |  1.2

Action                   |  1- 3 |  4- 6 |  7- 9 | 10-12 || total
-------------------------+-------+-------+-------+-------++-------
Melee: Unarmed           |   117 |   136 |   271 |   199 ||   723
       Headbutt          |    18 |    14 |     9 |       ||    41
       Punch             |     1 |     1 |     5 |       ||     7
 Cast: Beastly Appendage |    25 |    21 |    15 |     3 ||    64
       Spider Form       |       |     8 |    21 |     6 ||    35
       Ice Form          |       |       |     8 |    18 ||    26
  Use: Scroll            |     2 |     2 |     9 |     2 ||    15
       Potion            |       |     2 |     1 |     5 ||     8
 Stab: Sleeping          |       |       |     3 |       ||     3
Armor: Robe              |    20 |    16 |    11 |       ||    47
       Skin              |       |     1 |    21 |    49 ||    71
       Leather armour    |       |       |     3 |     3 ||     6
Dodge: Dodged            |    70 |    95 |   187 |   141 ||   493

Table legend: (Time is in decaauts)
 A = Elapsed time spent in this place.
 B = Non-inter-level travel time spent in this place.
 C = Inter-level travel time spent in this place.
 D = Time resting spent in this place.
 E = Time spent auto-exploring this place.
 F = Levels seen in this place.
 G = Mean time per level.
                   A        B        C        D        E       F      G
               +--------+--------+--------+--------+--------+-----+--------+
         Total |  13438 |  13094 |    344 |   4910 |   1916 |  13 | 1033.7 |
       Dungeon |  12491 |  12147 |    344 |   4612 |   1739 |  10 | 1249.1 |
        Temple |     74 |     74 |      0 |      0 |     63 |   1 |   74.0 |
          Lair |    183 |    183 |      0 |      0 |      0 |   1 |  183.0 |
      Gauntlet |    688 |    688 |      0 |    298 |    114 |   1 |  688.0 |
               +--------+--------+--------+--------+--------+-----+--------+

Top non-repeatable levels by time:
     D:7: 1866 daAuts
     D:3: 1633 daAuts
     D:9: 1437 daAuts
     D:8: 1366 daAuts
     D:5: 1336 daAuts
     D:2: 1313 daAuts
     D:4: 1255 daAuts
     D:6: 1077 daAuts
     D:1: 1045 daAuts
Gauntlet: 688 daAuts
  Lair:1: 183 daAuts
    D:10: 160 daAuts
  Temple: 74 daAuts
